 Seeded DCSS version 0.31-a0-496-g6f97920a28 (webtiles) character file.

Game seed: 7415222406553760909 (custom seed)

33 innerfire43 the Changeling (level 3, -6/20 HPs)
             Began as a Vampire Shapeshifter on Aug 8, 2023.
             Mangled by a worm (10 damage)
             ... on level 2 of the Dungeon.
             The game lasted 00:01:55 (505 turns).

innerfire43 the Changeling (Vampire Shapeshifter)    Turns: 505, Time: 00:01:55

Health: -6/20      AC:  2    Str: 16    XL:     3   Next: 12%
Magic:  3/3        EV: 12    Int: 10    God:
Gold:   55         SH:  0    Dex: 14    Spells: 2/2 levels left

rFire   . .          .
                       - Unarmed
rCold   + + .        (no shield)
rNeg    + + +        a - +0 animal skin
rPois   ∞            (no helmet)
rElec   .            (no cloak)
rCorr   .            (no gloves)
SInv    +            (no boots)
Will    .....        (no amulet)
Stlth   +++          e - ring of wizardry
HPRegen 0.00/turn    (no ring)
MPRegen 0.08/turn

%: wizardry (x1)
@: bloodless, inhibited regen
A: bloodless, fangs 3, see invisible, vampiric 2
a: Bat Form, Revivify


You were on level 2 of the Dungeon.
You visited 1 branch of the dungeon, and saw 2 of its levels.

You collected 55 gold pieces.

Inventory:

Armour
 a - a +0 animal skin (worn)
Jewellery
 e - a ring of wizardry (left hand)
 g - a ring of positive energy
Talismans
 c - a beast talisman
 d - a flux talisman
Scrolls
 h - a scroll of teleportation {unknown}
Potions
 b - a potion of lignification
 f - a potion of curing


   Skills:
 - Level 1.0 Fighting
 - Level 2.1 Dodging
 - Level 3.2 Unarmed Combat
 * Level 4.3 Shapeshifting


You had 2 spell levels left.
You didn't know any spells.
Your spell library was empty.

Dungeon Overview and Level Annotations

Branches:
Dungeon (2/15)

Altars:

Shops:
D:1 ?


Innate Abilities, Weirdness & Mutations

You do not regenerate when monsters are visible.
You are frail without blood (-20% HP).
You can heal yourself when you bite living creatures.
You are immune to poison.
You have razor-sharp teeth.
You have supernaturally acute eyesight. (SInv)
You are afflicted with vampirism and can become a bat while bloodless.


Message History

The worm barely misses you.
A worm is nearby!
You hit the worm.
The worm is lightly wounded.
A worm is nearby!
You hit the worm.
The worm is moderately wounded.
The worm bites you!
Ouch! That really hurt!
* * * LOW HITPOINT WARNING * * *
A worm is nearby!
You are too injured to fight recklessly!
You are too injured to fight recklessly!
A worm is nearby!
You hit the worm. You bite the worm.
The worm is heavily wounded.
You barely miss the worm.
The worm is heavily wounded.
The worm bites you.
* * * LOW HITPOINT WARNING * * *
It was a potion of curing.
You feel better.
You barely miss the worm.
The worm is heavily wounded.
The worm barely misses you.
You barely miss the worm.
The worm is heavily wounded.
You hit the worm.
The worm is severely wounded.
The worm bites you.
* * * LOW HITPOINT WARNING * * *
You hit the worm.
The worm is severely wounded.
The worm closely misses you.
You hit the worm but do no damage.
The worm is severely wounded.
You hit the worm.
The worm is severely wounded.
The worm bites you!
Ouch! That really hurt!
You die...

#.........
#......... ##+
#.........
....###........)
#...#.........
#####...........
.......<.)##
#...#####..#######.
# ##.@.......
###w...... .......
......( #.....#
###>.. ###


You could see a worm.

Vanquished Creatures
  2 bats (D:1)
  2 giant cockroaches (D:1)
  6 goblins
  2 hobgoblins (D:1)
  6 jackals (D:1)
  2 quokkas (D:1)
  2 ball pythons (D:1)
  2 frilled lizards (D:1)
  2 kobolds (D:1)
  2 rats (D:1)
28 creatures vanquished.

Notes
Turn   | Place    | Note
-------+----------+-------------------------------------------
     0 | D:1      | innerfire43 the Vampire Shapeshifter began the quest for
                  | the Orb.
     0 | D:1      | Reached XP level 1. HP: 14/14 MP: 1/1
    37 | D:1      | Reached skill level 1 in Fighting
    80 | D:1      | Reached XP level 2. HP: 11/21 MP: 2/2
   155 | D:1      | Reached skill level 4 in Shapeshifting
   262 | D:1      | Gained mutation: You are afflicted with vampirism and can
                  | become a bat while bloodless. [Vampire growth]
   262 | D:1      | Reached XP level 3. HP: 21/26 MP: 3/3
   376 | D:1      | Found Onoqawk's Magic Scroll Emporium.
   498 | D:2      | HP: 1/20 [worm (2)]
   505 | D:2      | Mangled by a worm

Illustrated notes

Levels and vault maps discovered:
D:1:      spicycebolla_green_bress_n_ham_2, layout_rooms, serial_shops, shop,
          minmay_misc_feat_hallway
D:2:      layout_basic, uniq_robin

Skill      XL: |  1  2 |
---------------+-------+-----
Fighting       | 1 |  1.0
Shapeshifting  | 4 |  4.3
Dodging        | |  2.1
Unarmed Combat | |  3.2

Action                     || total
---------------------------++-------
  Melee: Unarmed           ||    77
         Bite              ||     9
         Punch             ||     1
Ability: Exsanguinate      ||     1
    Use: Potion            ||     1
   Stab: Sleeping          ||     1
 Armour: Animal skin       ||    21
  Dodge: Dodged            ||    50

Table legend: (Time is in decaauts)
 A = Elapsed time spent in this place.
 B = Non-inter-level travel time spent in this place.
 C = Inter-level travel time spent in this place.
 D = Time resting spent in this place.
 E = Time spent auto-exploring this place.
 F = Levels seen in this place.
 G = Mean time per level.
                   A        B        C        D        E       F      G
               +--------+--------+--------+--------+--------+-----+--------+
         Total |    500 |    486 |     14 |      0 |    339 |   2 |  250.0 |
       Dungeon |    500 |    486 |     14 |      0 |    339 |   2 |  250.0 |
               +--------+--------+--------+--------+--------+-----+--------+

Top non-repeatable levels by time:
     D:1: 474 daAuts
     D:2: 26 daAuts
